 Dungeon Crawl Stone Soup version 0.29.1-4-g47bece8355 (webtiles) character file.

Game seed: 350581480165698861

39 Hercules1031 the Shield-Bearer (level 3, -6/33 HPs)
             Began as a Minotaur Fighter on Dec 11, 2022.
             Mangled by a gnoll
             ... wielding a +0 halberd
              (8 damage)
             ... on level 2 of the Dungeon.
             The game lasted 00:02:48 (1261 turns).

Hercules1031 the Shield-Bearer (Minotaur Fighter)   Turns: 1261, Time: 00:02:48

Health: -6/33      AC:  7    Str: 22    XL:     3   Next: 26%
Magic:  2/2        EV:  9    Int:  5    God:
Gold:   54         SH:  4    Dex:  9    Spells: 2/2 levels left

rFire   . . .      SeeInvis .   a - +0 long sword
rCold   . . .      Faith    .   c - +0 buckler
rNeg    . . .      Spirit   .   b - +0 scale mail
rPois   .          Reflect  .   (helmet restricted)
rElec   .          Harm     .   (no cloak)
rCorr   .          Rampage  .   (no gloves)
Will    .....      Clarity  +   (no boots)
Stlth   ..........              (no amulet)
HPRegen 0.11/turn               (no ring)
MPRegen 0.08/turn               (no ring)

@: no status effects
A: horns 2, retaliatory headbutt, clarity, subdued magic 1
a: no special abilities


You were on level 2 of the Dungeon.
You visited 1 branch of the dungeon, and saw 2 of its levels.

You collected 54 gold pieces.

Inventory:

Hand Weapons
 a - a +0 long sword (weapon)
Armour
 b - a +0 scale mail (worn)
 c - a +0 buckler (worn)
Jewellery
 i - an amulet of reflection
Scrolls
 e - 2 scrolls of teleportation {unknown}
 f - 2 scrolls of poison {unknown}
 g - 2 scrolls of identify {unknown}
Potions
 d - a potion of might
 h - a potion of mutation


   Skills:
 + Level 3.9 Fighting
 * Level 3.2 Long Blades
 + Level 3.9 Armour
 + Level 1.1 Dodging
 + Level 4.0 Shields


You had 2 spell levels left.
You didn't know any spells.
Your spell library was empty.

Dungeon Overview and Level Annotations

Branches:
Dungeon (2/15)

Altars:


Innate Abilities, Weirdness & Mutations

You have a pair of horns on your head.
You reflexively headbutt those who attack you in melee.
You possess an exceptional clarity of mind.
Your spells are a little easier to cast, but a little less powerful.


Message History

You open the door.
A gnoll comes into view. It is wielding a +0 club.
The gnoll shouts!
A gnoll comes into view. It is wielding a +0 halberd.
A gnoll comes into view. It is wielding a +0 flail.
There is an open door here.
The gnoll shouts!
A gnoll comes into view. It is wielding a +0 halberd.
There is an open door here.
The gnoll shouts!
The gnoll hits you with a +0 club. The gnoll attacks as you move away!
The gnoll hits you but does no damage. The gnoll attacks as you move away!
The gnoll closely misses you. You furiously retaliate!
You headbutt the gnoll. You hit the gnoll. Your headbutt misses the gnoll.
The gnoll is lightly wounded.
The gnoll hits you with a +0 club.
The gnoll hits you from afar with a +0 halberd.
You hit the gnoll. Your headbutt misses the gnoll.
The gnoll is moderately wounded.
The gnoll misses you. The gnoll hits you but does no damage.
You hit the gnoll.
The gnoll is heavily wounded.
You block the gnoll's attack.
The gnoll hits you from afar with a +0 halberd!
The gnoll barely misses you. x2
You slash the gnoll!
You kill the gnoll!
The gnoll hits you from afar with a +0 halberd!
* * * LOW HITPOINT WARNING * * *
Your Shields skill increases to level 4!
Unknown command.
You see here 7 stones.
A ball python comes into view.
The ball python hisses angrily.
It was a potion of mutation.
You feel extremely strange.
Your connection to magic feels subdued.
Your thoughts seem clearer.
A quokka comes into view.
The gnoll hits you from afar with a +0 halberd!
You die...

...........####.#
.......>........#
...<.....########
.................
.^.######.#########+###r
...# #.## ##.........
#### #..###..........
##########..##....S.....
............##..@##+#
............##...##.#
............+...g##.#
............#....##.#
##..........#....##.#
##..........#...g##'###
............#..#g.....#
....†.................#
.....#####.........(..#


You could see 3 gnolls, a quokka and a ball python.

Vanquished Creatures
  A gnoll (D:2)
  A worm (D:2)
  4 ball pythons
  4 bats
  2 endoplasms (D:1)
  A giant cockroach (D:1)
  A goblin (D:1)
  4 hobgoblins (D:1)
  2 kobolds (D:1)
  A frilled lizard (D:1)
  2 rats (D:1)
23 creatures vanquished.

Notes
Turn   | Place    | Note
-------+----------+-------------------------------------------
     0 | D:1      | Hercules1031 the Minotaur Fighter began the quest for the
                  | Orb.
     0 | D:1      | Reached XP level 1. HP: 19/19 MP: 0/0
    99 | D:1      | Found a faded altar of an unknown god.
   177 | D:1      | Reached XP level 2. HP: 21/27 MP: 1/1
  1086 | D:2      | Reached skill level 1 in Dodging
  1194 | D:2      | Reached XP level 3. HP: 33/33 MP: 2/2
  1249 | D:2      | HP: 1/33 [gnoll/+0 halberd (14)]
  1250 | D:2      | Reached skill level 4 in Shields
  1261 | D:2      | Gained mutation: Your spells are a little easier to cast,
                  | but a little less powerful. [potion of mutation]
  1261 | D:2      | Gained mutation: You possess an exceptional clarity of
                  | mind. [potion of mutation]
  1261 | D:2      | Mangled by a gnoll

Illustrated notes

Levels and vault maps discovered:
D:1:      eino_arrival_tree_alley, layout_basic,
          shapermc_ecumenical_altar_pompeii
D:2:      minmay_angry_zag, layout_basic, minmay_misc_feat_tiny,
          kennysheep_generic_room_12

Skill      XL: |  1  2  3 |
---------------+----------+-----
Long Blades    | 3 |  3.2
Dodging        | 1 |  1.1
Shields        | 4 |  4.0
Fighting       | |  3.9
Armour         | |  3.9

Action                   || total
-------------------------++-------
Melee: Long sword        ||    52
       Headbutt          ||     4
  Use: Potion            ||     1
Armor: Scale mail        ||    26
Dodge: Dodged            ||    29
Block: Buckler           ||    13
